 Dungeon Crawl Stone Soup version 0.29.1-debian-4-g95531337e3 (webtiles) character file.

Game seed: 3027791914631103720

97 BritishOli the Trooper (level 4, 0/37 HPs)
             Began as a Demonspawn Fighter on Sept 13, 2022.
             Slain by a hobgoblin (3 damage)
             ... on level 2 of the Dungeon.
             The game lasted 00:01:27 (1766 turns).

BritishOli the Trooper (Demonspawn Fighter)         Turns: 1766, Time: 00:01:27

Health: 0/37       AC: 11    Str: 18    XL:     4   Next: 42%
Magic:  4/4        EV:  9    Int: 10    God:
Gold:   83         SH:  4    Dex: 12    Spells: 3/3 levels left

rFire   . . .      SeeInvis .   a - +0 long sword
rCold   . . .      Faith    .   c - +0 buckler
rNeg    . . .      Spirit   .   b - +0 scale mail
rPois   .          Reflect  .   (no helmet)
rElec   .          Harm     .   i - +0 cloak
rCorr   .          Rampage  .   (no gloves)
Will    .....                   k - +2 pair of boots
Stlth   ..........              (no amulet)
HPRegen 0.12/turn               (no ring)
MPRegen 0.09/turn               (no ring)

@: no status effects
A: ignite blood 1, demonic touch 2
a: no special abilities


You were on level 2 of the Dungeon.
You visited 1 branch of the dungeon, and saw 2 of its levels.

You collected 83 gold pieces.

Inventory:

Hand Weapons
 a - a +0 long sword (weapon)
Armour
 b - a +0 scale mail (worn)
 c - a +0 buckler (worn)
 i - a +0 cloak (worn)
 k - a +2 pair of boots (worn)
Jewellery
 p - an amulet of magic regeneration
Scrolls
 e - a scroll of blinking {unknown}
 f - 3 scrolls of teleportation {unknown}
 g - a scroll of amnesia {unknown}
 m - a scroll of enchant weapon {unknown}
 n - a scroll of identify {unknown}
Potions
 d - a potion of might
 h - 2 potions of brilliance {unknown}
 j - a potion of attraction {unknown}
 l - a potion of haste {unknown}
 o - a potion of cancellation {unknown}


   Skills:
 + Level 4.2 Fighting
 - Level 2.3 Long Blades
 - Level 3.1 Armour
 - Level 3.1 Shields


You had 3 spell levels left.
You didn't know any spells.
Your spell library contained the following spells:

 Spells                   Type           Power      Damage    Failure   Level
 Magic Dart               Conj           0%         1d3       83%         1
 Call Imp                 Summ           0%         N/A       93%         2
 Call Canine Familiar     Summ           0%         N/A       99%         3
 Confusing Touch          Hex            0%         N/A       99%         3
 Mephitic Cloud           Conj/Pois/Air  0%         N/A       99%         3
 Portal Projectile        Hex/Tloc       0%         N/A       99%         3
 Summon Guardian Golem    Hex/Summ       0%         N/A       99%         3
 Leda's Liquefaction      Hex/Erth       0%         N/A       100%        4
 Yara's Violent Unravell  Hex/Tmut       0%         3d3       100%        5
 Enfeeble                 Hex            0%         N/A       100%        7
 Orb of Destruction       Conj           0%         9d5       100%        7
 Spellforged Servitor     Conj/Summ      0%         N/A       100%        7


Dungeon Overview and Level Annotations

Branches:
Dungeon (2/15)

Altars:


Innate Abilities, Weirdness & Mutations

Your demonic aura sometimes causes spilled blood to erupt in flames.
Your touch may inflict irresistible damage on your foes.


Message History

* * * LOW HITPOINT WARNING * * *
You hit Natasha but do no damage.
Natasha is heavily wounded.
The bat hits you but does no damage.
The crimson imp hits you but does no damage.
Something hits you but does no damage. Natasha barely misses you.
You block the bat's attack.
You hit Natasha.
Natasha is almost dead.
The bat completely misses you.
The crimson imp hits you but does no damage.
You block the crimson imp's attack. Something hits you but does no damage.
Natasha claws you but does no damage.
The crimson imp hits you but does no damage.
You hit Natasha.
You kill Natasha!
Natasha growls in agony!
The crimson imp disappears in a puff of smoke! x2
The bat barely misses you. Something hits you.
* * * LOW HITPOINT WARNING * * *
Something hits you but does no damage.
Your Fighting skill increases to level 4!
You miss something. The bat hits you but does no damage.
Something hits you but does no damage. The bat hits you but does no damage.
You closely miss something. You block something's attack.
You barely miss something. The bat misses you.
Something hits you but does no damage. The worm bites you but does no damage.
Something hits you.
* * * LOW HITPOINT WARNING * * *
You hit the bat.
The bat is severely wounded.
The bat hits you but does no damage. Something hits you but does no damage.
The bat closely misses you. The worm bites you but does no damage.
You hit the bat.
You kill the bat!
Something hits you but does no damage.
You hit something but do no damage. Something completely misses you.
You block the worm's attack. You block something's attack.
You closely miss something. Something hits you.
You die...

......#. ......
.....#
#....##############
##....#.............
#.....#..##...#....#
#.{w..#.# #...#....#
#..@†.#.###..##....#
#...†.#......###....
#.....#.....## #...#
#.....#...### #...#
####.##.#### ##..#
#.##....#### #..#
#.##.......####..
#............###.
####....†.....###


You could see a worm.

Vanquished Creatures
  Natasha (D:2)
  3 adders (D:2)
  A worm (D:2)
  7 bats
  5 endoplasms
  A giant cockroach (D:1)
  5 hobgoblins
  A jackal (D:2)
  5 kobolds
  2 quokkas (D:2)
  4 ball pythons
  A frilled lizard (D:2)
  5 rats
41 creatures vanquished.

Notes
Turn   | Place    | Note
-------+----------+-------------------------------------------
     0 | D:1      | BritishOli the Demonspawn Fighter began the quest for the
                  | Orb.
     0 | D:1      | Reached XP level 1. HP: 18/18 MP: 1/1
   269 | D:1      | Gained mutation: Your touch may inflict minor irresistible
                  | damage on your foes. [demonic ancestry]
   269 | D:1      | Reached XP level 2. HP: 24/24 MP: 2/2
   393 | D:1      | Found a faded altar of an unknown god.
  1374 | D:2      | Gained mutation: Your touch may inflict irresistible damage
                  | on your foes. [demonic ancestry]
  1374 | D:2      | Reached XP level 3. HP: 29/29 MP: 3/3
  1614 | D:2      | Gained mutation: Your demonic aura sometimes causes spilled
                  | blood to erupt in flames. [demonic ancestry]
  1614 | D:2      | Reached XP level 4. HP: 35/37 MP: 4/4
  1747 | D:2      | Noticed Natasha
  1759 | D:2      | Killed Natasha
  1760 | D:2      | Reached skill level 4 in Fighting
  1766 | D:2      | Slain by a hobgoblin

Illustrated notes

Levels and vault maps discovered:
D:1:      psy_arrival_terrarium, layout_loops_ring,
          hellmonk_ecumenical_altar_run_dry, minmay_misc_feat_secret_circle,
          corexii_hall_statues_i
D:2:      minmay_recursive_quarters, layout_basic, basic_altar, uniq_natasha,
          uniq_jessica

Skill      XL: |  1  2  3  4 |
---------------+-------------+-----
Long Blades    | 2 |  2.3
Shields        | 3 |  3.1
Armour         | 3 |  3.1
Fighting       | 4 |  4.2

Action                   |  1- 3 |  4- 6 || total
-------------------------+-------+-------++-------
Melee: Long sword        |   149 |    18 ||   167
Armor: Scale mail        |    85 |    32 ||   117
Dodge: Dodged            |    86 |    14 ||   100
Block: Buckler           |    36 |     7 ||    43
